 Dungeon Crawl Stone Soup version 0.30-a0-715-gdb4ae3ece1 (webtiles) character file.

Game seed: 3378698820200658140

231 testman the Trooper (level 5, -10/50 HPs)
             Began as an Armataur Fighter on Jan 23, 2023.
             Was an Initiate of the Shining One.
             Mangled by an orc warrior
             ... wielding a +0 glaive
              (13 damage)
             ... on level 4 of the Dungeon.
             The game lasted 00:09:16 (3215 turns).

testman the Trooper (Armataur Fighter)              Turns: 3215, Time: 00:09:17

Health: -10/50     AC:  6    Str: 30    XL:     5   Next: 72%
Magic:  5/5        EV:  7    Int:  8    God:    the Shining One [......]
Gold:   204        SH:  4    Dex:  9    Spells: 4/4 levels left

rFire   . . .      SeeInvis .    p - +1 flail (heavy)
rCold   . . .      Faith    .    c - +0 buckler
rNeg    . . .      Spirit   .    b - +0 scale mail
rPois   .          Reflect  .    (no helmet)
rElec   .          Harm     .    (no cloak)
rCorr   .          Roll     +    (no gloves)
Will    .....                    (no barding) Stlth
                                 (no amulet)
HPRegen 0.28/turn                a - +6 ring of strength
MPRegen 0.09/turn                (no ring)

@: glowing
A: large, rugged brown scales 3, deformed body, armoured tail, roll, long
tongue, awkward tongue
a: Renounce Religion


You were on level 4 of the Dungeon.
You worshipped the Shining One.
The Shining One was noncommittal.
You visited 1 branch of the dungeon, and saw 4 of its levels.

You collected 204 gold pieces.

Inventory:

Hand Weapons
 p - a +1 heavy flail (weapon)
Missiles
 h - 11 poisoned darts (quivered)
 m - 12 boomerangs
Armour
 b - a +0 scale mail (worn)
 c - a +0 buckler (worn)
Jewellery
 a - a +6 ring of strength (left hand)
Scrolls
 e - 2 scrolls of vulnerability {unknown}
 f - 3 scrolls of teleportation {unknown}
 i - a scroll of noise {unknown}
 k - a scroll of immolation {unknown}
 n - 3 scrolls of identify
 q - 2 scrolls of fog {unknown}
 r - a scroll of poison {unknown}
Potions
 g - 2 potions of curing
 j - a potion of lignification {unknown}
 l - 3 potions of heal wounds {unknown}
 o - 2 potions of invisibility {unknown}
 s - a potion of magic {unknown}


   Skills:
 + Level 4.3 Fighting
 + Level 3.8 Maces & Flails
 - Level 3.6 Armour
 + Level 4.0 Shields


You had 4 spell levels left.
You didn't know any spells.
Your spell library contained the following spells:

 Spells                   Type           Power      Damage    Failure   Level
 Ozocubu's Armour         Ice            0%         N/A       97%         3
 Metabolic Englaciation   Hex/Ice        0%         N/A       100%        5
 Simulacrum               Ice/Necr       0%         N/A       100%        6


Dungeon Overview and Level Annotations

Branches:
Dungeon (4/15)
 Temple: D:4-7

Altars:
Uskayaw
The Shining One

Shops:
D:4 !


Innate Abilities, Weirdness & Mutations

You are completely covered in rugged brown scales. (AC +3, +7% HP)
Armour fits poorly on your strangely shaped body.
You have a long armoured tail.
You roll when moving toward enemies. (Rampage)
Your long tongue fully drains potion bottles. (2x potion effects)
Your tongue gives you trouble enunciating. (1.5x scroll delay)


Message History

a +0 club; a stone; a kobold corpse You aren't carrying any items that you can evoke.
Found 5 boomerangs.
You see here 5 boomerangs.
Found an inky potion.
Found a stone staircase leading down.
The endoplasm quivers.
The endoplasm freezes you.
You are frozen.
The endoplasm attacks as you move away!
The endoplasm hits you but does no damage.
You bludgeon the endoplasm!!
You kill the endoplasm!
You see here an inky potion.
There is a stone staircase leading up here.
As you slowly read the scroll labelled ABUGUYQIUT, it crumbles to dust.
It is a scroll of identify.
g - 2 potions of curing The orc warrior hits you from afar with a +0 glaive.
You roll towards the orc warrior!
You hit the orc warrior but do no damage.
The orc warrior hits you with a +0 glaive!
You block the orc warrior's attack.
You hit the orc warrior.
You tail-slap the orc warrior, but do no damage.
The orc warrior is lightly wounded.
The orc warrior barely misses you.
The orc warrior hits you with a +0 glaive!
You closely miss the orc warrior.
Your tail-slap misses the orc warrior.
The orc warrior is lightly wounded.
The orc warrior hits you with a +0 glaive!
* * * LOW HITPOINT WARNING * * *
The orc warrior hits you but does no damage.
The orc warrior attacks as you move away!
The orc warrior hits you with a +0 glaive.
* * * LOW HITPOINT WARNING * * *
The orc warrior hits you from afar with a +0 glaive!
* * * LOW HITPOINT WARNING * * *
There is a stone staircase leading up, spattered with blood here.
The orc warrior hits you from afar with a +0 glaive!
You die...

..# #...!.>...# ..#
##.###.###.## ..#
....(........# ###
###.###.###..# #########
≈~## #.....###..###
#........ ~o.#
..#>.........######.#######
≈≈.#
#.........o............# #
~~.#
#....####..#)#####...#.# #
~~.# ####. #.@..).<.......#
# ~~.# #. ##.#.#####.....#
# ~h.# ..<#..# ##.#..# #
~~.# ######.# #.......$
~~.# .# ###..#### ~≈.# .#
..# # ≈≈.# .# # .. # #


You could see an orc warrior.

Vanquished Creatures
  An iguana (D:4)
  Terence (D:2)
  4 gnolls (D:3)
  5 adders
  2 worms
  A dart slug (D:3)
  2 orcs
  5 ball pythons
  9 bats
  10 endoplasms
  4 giant cockroaches
  3 goblins
  10 hobgoblins
  3 jackals (D:4)
  5 quokkas
  3 frilled lizards
  9 kobolds
  5 rats
82 creatures vanquished.

Vanquished Creatures (others)
  3 plants (D:3)
3 creatures vanquished.

Grand Total: 85 creatures vanquished

Notes
Turn   | Place    | Note
-------+----------+-------------------------------------------
     0 | D:1      | testman the Armataur Fighter began the quest for the Orb.
     0 | D:1      | Reached XP level 1. HP: 19/19 MP: 1/1
   187 | D:1      | Reached XP level 2. HP: 27/27 MP: 2/2
   835 | D:2      | Reached XP level 3. HP: 33/33 MP: 3/3
  1064 | D:2      | Found a glowing golden altar of the Shining One.
  1071 | D:2      | Became a worshipper of the Shining One
  1304 | D:2      | Noticed Terence
  1312 | D:2      | Killed Terence
  1313 | D:2      | Reached XP level 4. HP: 21/42 MP: 4/4
  2010 | D:3      | Found a hide-covered altar of Uskayaw.
  2205 | D:3      | Found a faded altar of an unknown god.
  2360 | D:3      | Reached XP level 5. HP: 49/49 MP: 5/5
  2785 | D:4      | Found Qeanuasa's Distillery.
  3125 | D:4      | Noticed an orc warrior
  3125 | D:4      | Noticed a black bear
  3215 | D:4      | Mangled by an orc warrior

Illustrated notes

Levels and vault maps discovered:
D:1:      saegor_arrival_simple_d, layout_basic, minmay_misc_feat_tower
D:2:      layout_loops_ring, basic_altar, uniq_terence
D:3:      layout_loops_corners, nicolae_uskayaw_suspiria,
          dilly_ecumenical_altar_fadedgnrine, minivault_14, chequers_big_river
D:4:      wad_river_or_something, layout_loops_ring, serial_shops,
          nicolae_shop_advertising_works [nicolae_subvault_shop_adworks],
          dreamdust_princess_bridge

Skill      XL: |  1  2  3  4  5 |
---------------+----------------+-----
Maces & Flails | 2 3 |  3.8
Fighting       | 3 4 |  4.3
Shields        | 4 |  4.0
Armour         | |  3.6

Action                     |  1- 3 |  4- 6 || total
---------------------------+-------+-------++-------
  Melee: Flail             |   121 |   116 ||   237
         Tailslap          |    11 |     9 ||    20
    Use: Scroll            |       |     1 ||     1
         Potion            |       |     1 ||     1
 Armour: Scale mail        |    60 |    90 ||   150
  Dodge: Dodged            |    49 |    67 ||   116
  Block: Buckler           |    21 |    23 ||    44

Table legend: (Time is in decaauts)
 A = Elapsed time spent in this place.
 B = Non-inter-level travel time spent in this place.
 C = Inter-level travel time spent in this place.
 D = Time resting spent in this place.
 E = Time spent auto-exploring this place.
 F = Levels seen in this place.
 G = Mean time per level.
                   A        B        C        D        E       F      G
               +--------+--------+--------+--------+--------+-----+--------+
         Total |   3350 |   3241 |    109 |      0 |   2556 |   4 |  837.5 |
       Dungeon |   3350 |   3241 |    109 |      0 |   2556 |   4 |  837.5 |
               +--------+--------+--------+--------+--------+-----+--------+

Top non-repeatable levels by time:
     D:3: 1205 daAuts
     D:1: 835 daAuts
     D:2: 767 daAuts
     D:4: 541 daAuts
